Map: Terraform LE (Void)

Players

MoonLjth

  • Race: Protoss Protoss
  • League: Platinum

iQuitBYE

  • Race: Protoss Protoss
  • League: Grandmaster

Tazion - Winner!

  • Race: Protoss Protoss
  • League: Grandmaster

Kazuhiro - Winner!

  • Race: Protoss Protoss
  • League: Platinum

VOD

Have the link to the VOD?

Description

Time

  • Played on: Oct. 2, 2015, 7:26 p.m.
  • Length: 5:56
Show
View Real Time Build Order
Export as new Build Order

MoonLjth Protoss 

Build Orders:  

Get SALT Encoding   

  12  0:02  Probe (Chrono Boost)  
  13  0:14  Pylon  
  13  0:17  Probe (Chrono Boost)  
  14  0:30  Probe (Chrono Boost)  
  14  0:35  Gateway  
  15  0:40  Probe (Chrono Boost)  
  16  0:45  Assimilator  
  16  0:51  Probe (Chrono Boost)  
  17  1:01  Probe (Chrono Boost)  
  18  1:23  Cybernetics Core  
  18  1:24  Probe (Chrono Boost)  
  19  1:29  Assimilator  
  19  1:37  Probe (Chrono Boost)  
  20  1:48  Probe (Chrono Boost)  
  21  2:01  Mothership Core (Chrono Boost)  
  23  2:03  Warp Gate (Chrono Boost)  
  23  2:12  Pylon  
  23  2:28  Nexus  
  23  2:30  Adept (Chrono Boost)  
  23  2:35  Gateway  
  25  2:42  Pylon  
  25  2:53  Pylon  
  27  2:58  Adept (Chrono Boost)  
  26  3:08  Stargate  
  26  3:26  Gateway  
  24  3:36  Probe  
  25  3:42  Pylon  
  25  3:45  Pylon  
  25  3:53  Pylon  
  25  4:09  Oracle (Chrono Boost)  
  28  4:19  Gateway  
  28  4:27  Adept  
  28  4:30  Probe  
  31  4:37  Adept  
  33  4:40  Probe (Chrono Boost)  
  33  4:44  Probe (Chrono Boost)  
  35  4:55  Adept  
  35  5:04  Stalker  
  37  5:07  Probe (Chrono Boost)  
  37  5:10  Probe (Chrono Boost)  
  36  5:15  Stalker  
  36  5:24  Stalker  
  30  5:38  Probe x2 (Chrono Boost)  
Show
View Real Time Build Order
Export as new Build Order

iQuitBYE Protoss 

Build Orders: 1 Gate Expand 

Get SALT Encoding   

  12  0:01  Probe (Chrono Boost)  
  13  0:11  Probe (Chrono Boost)  
  14  0:19  Pylon  
  14  0:22  Probe (Chrono Boost)  
  15  0:40  Probe (Chrono Boost)  
  16  0:44  Gateway  
  16  1:07  Nexus  
  16  1:11  Probe (Chrono Boost)  
  17  1:21  Probe (Chrono Boost)  
  18  1:26  Assimilator  
  18  1:31  Cybernetics Core  
  18  1:49  Probe (Chrono Boost)  
  19  1:55  Warp Gate  
  19  2:00  Probe (Chrono Boost)  
  20  2:04  Gateway  
  20  2:07  Gateway  
  20  2:13  Probe (Chrono Boost)  
  21  2:15  Pylon  
  21  2:20  Probe (Chrono Boost)  
  22  2:30  Assimilator  
  22  2:36  Probe (Chrono Boost)  
  23  2:40  Probe (Chrono Boost)  
  24  2:50  Mothership Core (Chrono Boost)  
  26  2:52  Pylon  
  28  3:19  Probe (Chrono Boost)  
  27  3:22  Probe (Chrono Boost)  
  25  3:28  Assimilator  
  26  3:34  Probe (Chrono Boost)  
  26  3:38  Probe (Chrono Boost)  
  27  3:46  Probe (Chrono Boost)  
  29  3:48  Probe (Chrono Boost)  
  29  3:57  Stalker, Probe (Chrono Boost)  
  29  3:58  Stalker x2  
  36  4:07  Probe (Chrono Boost)  
  37  4:18  Probe (Chrono Boost)  
  37  4:19  Probe (Chrono Boost), Stargate  
  39  4:26  Stargate  
  39  4:28  Probe (Chrono Boost)  
  40  4:39  Stalker x2, Probe (Chrono Boost)  
  45  4:49  Probe (Chrono Boost)  
  47  5:00  Probe (Chrono Boost)  
  47  5:05  Stalker x3  
  53  5:10  Phoenix  
  51  5:15  Pylon  
  51  5:16  Pylon  
  51  5:19  Phoenix  
Show
View Real Time Build Order
Export as new Build Order

Tazion Protoss - Winner!

Build Orders:  

Get SALT Encoding   

Show
View Real Time Build Order
Export as new Build Order

Kazuhiro Protoss - Winner!

Build Orders:  

Get SALT Encoding   

Tags
 
Add a new tag
Caveats
  • Supply blocks, unpowered buildings, or Contaminate may cause inaccurate times.
  • Supply counts are checked every 10 seconds.